 Dungeon Crawl Stone Soup version 0.32-a0-12-g7fc57aa741 (webtiles) character file.

Game seed: 7351818751293180918

1269 anacleto the Changeling (level 8, 0/74 HPs)
             Began as a Troll Shapeshifter on Jan 15, 2024.
             Incinerated by a bombardier beetle (3 damage)
             ... with a burning spray
             ... on level 7 of the Dungeon.
             The game lasted 00:11:02 (4109 turns).

anacleto the Changeling (Troll Shapeshifter)        Turns: 4109, Time: 00:11:02

Health: 0/74       AC:  5    Str: 25    XL:     8   Next: 28%
Magic:  7/7        EV:  9    Int:  6    God:
Gold:   266        SH:  8    Dex:  9    Spells: 7/7 levels left

rFire   . .          .
                       - Unarmed
rCold   . . .        f - +1 kite shield
rNeg    . . .        b - +0 troll leather armour {Pargi}
rPois   .            (helmet currently unavailable)
rElec   .            (cloak currently unavailable)
rCorr   .            (gloves unavailable)
SInv    .            (boots unavailable)
Will    .....        (no amulet)
Stlth   +            (no ring)
HPRegen 1.92/turn    (no ring)
MPRegen 0.10/turn

%: no passive effects
@: on fire, beast-form, mesmerised, glowing
A: beast (slay +3), large, unfitting armour, claws 3, regeneration 1, shaggy fur
1, tough skin 1
a: Begin Untransformation


You were on level 7 of the Dungeon.
You were a hulking beast.
You visited 1 branch of the dungeon, and saw 7 of its levels.

You collected 266 gold pieces.

Inventory:

Missiles
 l - 3 boomerangs (quivered)
Armour
 b - a +0 troll leather armour (worn) {Pargi}
 f - a +1 kite shield (worn)
 j - a scarf of harm
Jewellery
 a - a +4 ring of protection
Talismans
 c - a beast talisman (active)
 d - a flux talisman
 k - a blade talisman
Scrolls
 h - a scroll of identify
 m - 2 scrolls of revelation
Potions
 n - a potion of enlightenment
 o - a potion of brilliance


   Skills:
 + Level 2.9 Fighting
 + Level 3.0 Throwing
 + Level 2.6 Armour
 + Level 3.3 Dodging
 + Level 2.8 Shields
 + Level 4.4 Unarmed Combat
 * Level 5.4 Shapeshifting


You had 7 spell levels left.
You didn't know any spells.
Your spell library was empty.

Dungeon Overview and Level Annotations

Branches:
Dungeon (8/15)
 Temple: D:4-7         Lair: D:8-11

Altars:
Cheibriados

Annotations:
D:7 Maggie


Innate Abilities, Weirdness & Mutations

You are a hulking beast.
Your limbs bulge with bestial killing power. (Slay +3)
You are too large for most types of armour.
You have claws for hands.
Your natural rate of healing is unusually fast.
You are covered in fur. (AC +1)
You have tough skin. (AC +1)


Message History

Throw: 3 boomerangs
Press: ? - help, Q - select action Shift-Dir - straight line, f/p - Maggie
Aim: Maggie, wielding a +2 heavy glaive and wearing +0 steam dragon scales (lightly wounded, mesmerising, 57% to hit)
You throw a boomerang.
The boomerang hits Maggie but does no damage.
Maggie is lightly wounded.
Maggie hits you from afar with a +2 heavy glaive!!
* * * LOW HITPOINT WARNING * * *
The bombardier beetle sprays incendiary fluid at you.
The burning spray misses you.
Throw: 3 boomerangs
Press: ? - help, Q - select action Shift-Dir - straight line, f/p - Maggie
Aim: Maggie, wielding a +2 heavy glaive and wearing +0 steam dragon scales (lightly wounded, mesmerising, 57% to hit)
You throw a boomerang. The boomerang closely misses Maggie.
The boomerang hits the orc!
You kill the orc!
You block Maggie's attack.
An orc comes into view. It is wielding a +0 whip.
The bombardier beetle sprays incendiary fluid at you.
The burning spray hits you.
You are covered in liquid fire!
An orc comes into view. It is wielding a +0 hand axe.
You shake off some of the fire as you move.
The liquid fire burns you!
* * * LOW HITPOINT WARNING * * *
The orc shouts! x2
Maggie mumbles some strange words.
Maggie draws you further into her thrall.
An orc comes into view. It is wielding a +0 falchion.
You closely miss Maggie.
Maggie is lightly wounded.
The liquid fire burns you!
* * * LOW HITPOINT WARNING * * *
The orc shouts!
Maggie hits you with a +2 heavy glaive.
* * * LOW HITPOINT WARNING * * *
You barely miss Maggie.
Maggie is lightly wounded.
The liquid fire burns you!
You die...

... .# . .
.#####.## . ..
#...#.....#.. ...
#. ..........
#..#.##.........
#.... .........
.###...##.......#
..............#
......B.h##......
.##.#..@## .....
.. #.).. ##.. .
#..## ##.. ..o.
.... ....o .....
#. ....o.
#....#####. .....
#.ooh..#
#..##oo##


You could see Maggie (mesmerising), a bombardier beetle and 3 orcs.

Vanquished Creatures
  Sigmund (D:3)
  A steam dragon (D:7)
  Duvessa (D:4)
  A water moccasin (D:4)
  A black bear (D:4)
  An orc warrior (D:7)
  Pargi (D:3)
  2 wights
  Dowan (D:4)
  A hound (D:4)
  An orc priest (D:4)
  2 sleepcaps
  Jessica (D:3)
  2 orc wizards (D:4)
  6 adders
  3 dart slugs
  2 ribbon worms
  8 orcs
  8 ball pythons
  6 endoplasms
  5 giant cockroaches
  8 goblins
  5 hobgoblins
  8 jackals (D:4)
  2 quokkas
  3 bats
  5 frilled lizards
  6 kobolds
  9 rats
101 creatures vanquished.

Notes
Turn   | Place    | Note
-------+----------+-------------------------------------------
     0 | D:1      | anacleto the Troll Shapeshifter began the quest for the
                  | Orb.
     0 | D:1      | Reached XP level 1. HP: 18/18 MP: 0/0
   238 | D:1      | Reached skill level 1 in Fighting
   238 | D:1      | Reached XP level 2. HP: 27/27 MP: 1/1
   530 | D:1      | Found a faded altar of an unknown god.
  1043 | D:2      | Reached XP level 3. HP: 33/33 MP: 2/2
  1215 | D:2      | Reached XP level 4. HP: 41/41 MP: 3/3
  1811 | D:3      | Reached skill level 1 in Armour
  1811 | D:3      | Reached skill level 1 in Shields
  2057 | D:3      | Noticed Pargi
  2057 | D:3      | Noticed Jessica
  2083 | D:3      | Killed Pargi
  2084 | D:3      | Reached skill level 1 in Throwing
  2084 | D:3      | Reached XP level 5. HP: 49/49 MP: 4/4
  2337 | D:3      | Reached skill level 4 in Shapeshifting
  2493 | D:3      | Noticed Sigmund
  2521 | D:3      | Killed Sigmund
  2522 | D:3      | Reached XP level 6. HP: 48/57 MP: 5/5
  2621 | D:3      | Killed Jessica
  2968 | D:4      | Noticed a water moccasin
  2981 | D:4      | Killed a water moccasin
  2982 | D:4      | Reached XP level 7. HP: 51/65 MP: 6/6
  3067 | D:4      | Noticed Duvessa
  3072 | D:4      | Noticed Dowan
  3096 | D:4      | Killed Duvessa
  3112 | D:4      | Killed Dowan
  3239 | D:4      | Reached skill level 5 in Shapeshifting
  3662 | D:5      | Entered Level 5 of the Dungeon
  3681 | D:5      | You fall into a shaft and drop 3 floors!
  3682 | D:8      | Found a snail-covered altar of Cheibriados.
  3732 | D:8      | Noticed a troll
  3750 | D:7      | Noticed a steam dragon
  3902 | D:7      | Reached XP level 8. HP: 49/67 MP: 7/7
  4098 | D:7      | Noticed Maggie
  4108 | D:7      | HP: 3/74 [Maggie/+2 heavy glaive (6)]
  4109 | D:7      | Incinerated by a bombardier beetle

Illustrated notes

Levels and vault maps discovered:
D:1:      lemuel_arrival_funnel, layout_basic,
          ebering_ecumenical_altar_abandoned, glass_columns_a
D:2:      layout_loops_ring
D:3:      layout_basic, chequers_serial_rivers_small_a, glass_columns_a,
          minmay_goblin_outpost, uniq_pargi, uniq_jessica, uniq_sigmund
D:4:      layout_gridville, nicolae_houndstooth_variations, uniq_duvessa
D:5:      layout_basic, pf_just_have_faith, minmay_temple_entry_tees,
          gammafunk_ghost_gnarly_gnolls
D:7:      layout_rooms, uniq_maggie
D:8:      layout_basic, nicolae_qazlal_eye_of_the_storm,
          mainiacjoe_overflow_catwalk, lemuel_tele_altar,
          lemuel_coloured_pillars_altar, serial_shops,
          nicolae_shop_gibbet_a_chance, uniq_pikel, uniq_grum, uniq_joseph

Skill      XL: |  1  2  3  4  5  6  7  8 |
---------------+-------------------------+-----
Fighting       | 1 2 |  2.9
Dodging        | 2 3 |  3.3
Armour         | 1 2 |  2.6
Shields        | 1 2 |  2.8
Throwing       | 1 2 3 |  3.0
Shapeshifting  | 4 5 |  5.4
Unarmed Combat | 4 |  4.4

Action                     |  1- 3 |  4- 6 |  7- 9 || total
---------------------------+-------+-------+-------++-------
  Melee: Unarmed           |    60 |    87 |   151 ||   298
  Throw: Boomerang         |       |       |     5 ||     5
Ability: Begin Untransform |     1 |     1 |       ||     2
    Use: Potion            |       |     2 |     8 ||    10
         Scroll            |       |     5 |     6 ||    11
   Stab: Sleeping          |       |     1 |       ||     1
 Armour: Animal skin       |    41 |    33 |       ||    74
         Skin              |       |    17 |       ||    17
         Troll leather arm |       |    30 |   134 ||   164
  Dodge: Dodged            |    18 |    33 |    60 ||   111
  Block: Kite shield       |    25 |    30 |    72 ||   127
   Form: Beast             |     1 |     1 |       ||     2

Table legend: (Time is in decaauts)
 A = Elapsed time spent in this place.
 B = Non-inter-level travel time spent in this place.
 C = Inter-level travel time spent in this place.
 D = Time resting spent in this place.
 E = Time spent auto-exploring this place.
 F = Levels seen in this place.
 G = Mean time per level.
                   A        B        C        D        E       F      G
               +--------+--------+--------+--------+--------+-----+--------+
         Total |   4125 |   4015 |    110 |    288 |   2630 |   7 |  589.3 |
       Dungeon |   4125 |   4015 |    110 |    288 |   2630 |   7 |  589.3 |
               +--------+--------+--------+--------+--------+-----+--------+

Top non-repeatable levels by time:
     D:3: 1064 daAuts
     D:1: 1011 daAuts
     D:4: 820 daAuts
     D:2: 777 daAuts
     D:7: 365 daAuts
     D:8: 66 daAuts
     D:5: 18 daAuts
